 Dungeon Crawl Stone Soup version 0.20.1-1-g8b1a95d (webtiles) character file.

8064 renl the Geomancer (level 11, 0/64 HPs)
             Began as a Gargoyle Earth Elementalist on July 8, 2017.
             Was a Priest of Ashenzari.
             Slain by a wolf (1 damage)
             ... on level 1 of the Lair of Beasts.
             The game lasted 01:03:20 (8143 turns).

renl the Geomancer (Gargoyle Earth Elementalist)    Turns: 8143, Time: 01:03:20

Health: 0/64       AC: 18    Str: 15    XL:     11   Next: 25%
Magic:  6/19       EV: 15    Int: 20    God:    Ashenzari [***...]
Gold:   652        SH:  0    Dex: 10    Spells: 4/20 levels left

rFire    . . .     SeeInvis +   N - +0 great mace (drain) (curse)
rCold    + . .     Gourm    .   (shield currently unavailable)
rNeg     + . .     Faith    .   X - +2 ring mail {rC+}
rPois    ∞         Spirit   .   (no helmet)
rElec    +         Reflect  .   J - scarf {cloud immunity}
rCorr    .         Harm     .   h - +1 pair of gloves
MR       .....                  (no boots)
Stlth    +.........             (no amulet)
Regen    0.2/turn               t - +3 ring of evasion (curse)
MPRegen  0.2/turn               Q - +4 ring of intelligence (curse)

@: berserk cooldown, slowed, very slow
A: negative energy resistance 1, electricity resistance, unbreathing,
petrification resistance, rot immunity, AC +7
a: Curse Item, Scrying, Renounce Religion


You were on level 1 of the Lair of Beasts.
You worshipped Ashenzari.
Ashenzari was most pleased with you.
You were very hungry.

You visited 2 branches of the dungeon, and saw 12 of its levels.

You collected 652 gold pieces.

Inventory:

Hand Weapons
 b - a +5 war axe of freezing
 N - a cursed +0 great mace of draining (weapon)
 S - a +2 dire flail of holy wrath
Missiles
 L - 72 stones (quivered)
Armour
 c - a +0 cloak
 h - a +1 pair of gloves (worn)
 J - a scarf of cloud immunity (worn)
 M - a +0 leather armour of fire resistance
 X - a +2 ring mail of cold resistance (worn)
Jewellery
 t - a cursed +3 ring of evasion (left hand)
 Q - a cursed +4 ring of intelligence (right hand)
 V - an uncursed ring of protection from cold
 W - a +3 ring of intelligence
Wands
 y - a wand of polymorph (19/24)
 B - a wand of paralysis (9/24)
 P - a wand of digging (12/24)
 T - a wand of disintegration (17/24)
Scrolls
 f - 2 scrolls of identify
 k - 5 scrolls of teleportation
 o - 3 scrolls of enchant weapon {unknown}
 p - 2 scrolls of fog {unknown}
 r - a scroll of enchant armour {unknown}
 w - a scroll of fear {unknown}
 C - a scroll of blinking {unknown}
 E - 3 scrolls of amnesia {unknown}
 G - 2 scrolls of random uselessness {unknown}
 I - a scroll of magic mapping {unknown}
 O - 3 scrolls of remove curse
 R - a scroll of recharging {unknown}
Potions
 g - 2 potions of resistance
 i - a potion of flight
 j - 4 potions of brilliance
 m - 4 potions of lignification
 n - a potion of berserk rage
 q - 3 potions of cancellation
 s - 5 potions of curing
 x - 2 potions of mutation
 A - a potion of invisibility
 D - a potion of agility
 H - 2 potions of ambrosia
 K - a potion of might {unknown}
 U - a potion of heal wounds {unknown}
Books
 e - a book of Geomancy

   Spells                             Type                      Level
   a - Sandblast                      Earth                        1
   b - Passwall                       Transmutation/Earth          2
   c - Stone Arrow                    Conjuration/Earth            3
   d - Petrify                        Transmutation/Earth          4
   e - Lee's Rapid Deconstruction     Earth                        5
 v - a book of Misfortune

   Spells                             Type                      Level
   a - Confusing Touch                Hexes                        1
   b - Confuse                        Hexes                        3
   c - Gell's Gravitas                Translocation                3
   d - Petrify                        Transmutation/Earth          4
   e - Metabolic Englaciation         Hexes/Ice                    5
   f - Yara's Violent Unravelling     Hexes/Transmutation          5
Miscellaneous
 a - a box of beasts
Comestibles
 d - 11 bread rations
 l - 9 meat rations
 z - 3 royal jellies
 F - 4 fruits


   Skills:
 + Level 5.4 Fighting
 + Level 9.8(13.4) Maces & Flails
 + Level 5.9 Armour
 + Level 4.5 Dodging
 - Level 2.1 Stealth
 + Level 5.3 Spellcasting
 + Level 0.4(1.2) Conjurations
 + Level 0.1(0.4) Hexes
 + Level 0.7(1.6) Transmutations
 * Level 11.2(12.9) Earth Magic
 + Level 0.5(1.3) Evocations


You had 4 spell levels left.
You knew the following spells:

 Your Spells              Type           Power        Failure   Level  Hunger
a - Sandblast             Erth           ######       1%          1    None
b - Stone Arrow           Conj/Erth      ####..       3%          3    ##.....
c - Confusing Touch       Hex            #.....       17%         1    None
d - Passwall              Tmut/Erth      ####......   1%          2    None
e - Lee's Rapid Deconstr  Erth           ######....   2%          5    #####..
f - Petrify               Tmut/Erth      ####....     10%         4    ####...


Dungeon Overview and Level Annotations

Branches:
Dungeon (10/15)            Temple (0/1) D:4            Lair (2/6) D:9
  Swamp: Lair:2-4    Shoals: Lair:2-4     Snake: Lair:2-4    Spider: Lair:2-4
    Orc: D:9-12

Altars:
Ashenzari
Dithmenos
Fedhas
Uskayaw
Yredelemnul
Zin

Shops:
D:4 !

Annotations:
D:8 exclusion: ice statue, bande's ghost, novice MiBe


Innate Abilities, Weirdness & Mutations

You are resistant to torment.
Your stone body is resilient. (AC +7)
You are immune to poison.
You resist negative energy. (rN+)
You are resistant to electric shocks. (rElec)
You can survive without breathing.
You are immune to petrification.
You are immune to rotting.


Message History

The blink frog hits you but does no damage.
The blink frog barely misses you.
You are no longer berserk.
You are exhausted.
You feel yourself slow down. The wolf misses you.
The blink frog hits you but does no damage.
The wolf bites you but does no damage.
The blink frog blinks!
The wolf bites you but does no damage. The wolf barely misses you.
The blink frog blinks!
The wolf closely misses you. The wolf bites you but does no damage.
The blink frog closely misses you.
The blink frog hits you but does no damage.
The wolf bites you.
* * * LOW HITPOINT WARNING * * *
The wolf barely misses you.
The blink frog blinks!
The blink frog closely misses you. The wolf barely misses you.
The wolf bites you.
* * * LOW HITPOINT WARNING * * *
The wolf bites you.
You die...

, ,...#.....# ** , ,
.....#...## * , ,
.........# , , h........#
,,,, .........# * ,, ,
.........####### ,
.........##....######** *
.####.......#.......#.#
..........@...........###
.........Fhh............###
*
...........................
*#......†..Y...............
*###..##.##Y...............
##...####Y..............
##.#..#................
####..Y#.............#
#.#..............##


You could see 3 yaks, a blink frog and 2 wolves.

Vanquished Creatures
  Pikel (D:8)
  Joseph (D:8)
  A centaur skeleton (D:7)
  A hippogriff (D:8)
  A blink frog (Lair:1)
  A spriggan (D:9)
  A vampire (D:9)
  5 yaks
  Grum (D:8)
  2 wargs
  3 water moccasins
  A phantom (D:7)
  A sky beast (D:6)
  3 orc warriors
  A necrophage (D:9)
  13 wolves
  3 centaurs
  4 ogres
  2 crocodiles
  A big kobold (D:9)
  10 bullfrogs
  4 scorpions
  6 wights (D:6)
  2 howler monkeys
  3 crimson imps
  A quasit (D:9)
  A centaur zombie (D:8)
  2 jellies
  3 bullfrog skeletons
  4 hounds
  5 orc priests
  A gnoll shaman (D:7)
  3 iguanas
  9 orc wizards
  2 worker ants
  2 killer bee zombies
  11 adders
  11 gnolls
  A howler monkey skeleton (D:7)
  2 shadow imps
  3 oozes (D:3)
  A worm (D:3)
  2 dart slugs
  9 leopard geckos
  21 orcs
  6 bats
  4 giant cockroaches
  18 goblins
  9 hobgoblins
  6 jackals
  4 quokkas
  3 frilled lizards
  8 kobolds
  2 leopard gecko zombies
  A quokka skeleton (D:5)
  14 rats
241 creatures vanquished.

Vanquished Creatures (others)
  2 slaves (D:8)
  A crimson imp (D:8)
  An adder (D:8)
  A leopard gecko (D:8)
5 creatures vanquished.

Grand Total: 246 creatures vanquished

Notes
Turn   | Place    | Note
-------+----------+-------------------------------------------
     0 | D:1      | renl the Gargoyle Earth Elementalist began the quest for the Orb.
     0 | D:1      | Reached XP level 1. HP: 10/10 MP: 3/3
   311 | D:1      | Reached skill level 4 in Earth Magic
   311 | D:1      | Reached XP level 2. HP: 15/15 MP: 5/5
   540 | D:1      | Found a shattered altar of Ashenzari.
   724 | D:1      | Became a worshipper of Ashenzari the Shackled
   869 | D:2      | Reached XP level 3. HP: 16/19 MP: 6/6
   874 | D:2      | Learned a level 3 spell: Stone Arrow
  1094 | D:2      | Reached skill level 1 in Maces & Flails
  1110 | D:2      | Reached skill level 5 in Earth Magic
  1190 | D:2      | Reached XP level 4. HP: 23/24 MP: 5/7
  1367 | D:2      | Reached XP level 5. HP: 27/28 MP: 8/8
  1616 | D:3      | Learned a level 1 spell: Confusing Touch
  1713 | D:3      | Reached skill level 1 in Armour
  1838 | D:3      | Found a blossoming altar of Fedhas.
  1871 | D:3      | Reached skill level 1 in Fighting
  2152 | D:3      | Reached XP level 6. HP: 12/34 MP: 0/9
  2185 | D:4      | Found a staircase to the Ecumenical Temple.
  2460 | D:4      | Reached * piety under Ashenzari
  2467 | D:4      | Reached skill level 6 in Earth Magic
  2558 | D:4      | Found a basalt altar of Yredelemnul.
  2564 | D:4      | Found a hide-covered altar of Uskayaw.
  2741 | D:4      | Found Fukirawk's Distillery.
  2807 | D:5      | Entered Level 5 of the Dungeon
  2855 | D:5      | Reached XP level 7. HP: 38/38 MP: 9/11
  3062 | D:5      | Reached skill level 7 in Earth Magic
  3680 | D:5      | Reached XP level 8. HP: 29/43 MP: 12/12
  3739 | D:5      | Found a shadowy altar of Dithmenos.
  4189 | D:6      | Upgraded the game from 0.20.0-15-g7f486f2 to 0.20.1-1-g8b1a95d
  4204 | D:6      | Reached skill level 8 in Earth Magic
  4215 | D:6      | Reached ** piety under Ashenzari
  4693 | D:7      | Reached skill level 5 in Maces & Flails
  4802 | D:7      | Reached skill level 9 in Earth Magic
  4802 | D:7      | Reached XP level 9. HP: 36/48 MP: 15/15
  5980 | D:9      | Found a staircase to the Lair.
  5982 | D:9      | Reached skill level 10 in Earth Magic
  6020 | D:10     | Entered Level 10 of the Dungeon
  6025 | D:10     | Reached XP level 10. HP: 12/56 MP: 14/17
  6408 | D:8      | Reached *** piety under Ashenzari
  6436 | D:8      | Reached skill level 5 in Armour
  6535 | D:8      | Noticed bande's ghost (novice MiBe)
  6756 | D:8      | Noticed Pikel
  6782 | D:8      | Killed Pikel
  6782 | D:8      | Reached skill level 5 in Spellcasting
  6840 | D:8      | Noticed Joseph
  6902 | D:8      | Killed Joseph
  7166 | D:8      | Found a glowing silver altar of Zin.
  7296 | D:8      | Noticed Grum
  7315 | D:8      | Killed Grum
  7422 | D:8      | Noticed an ice statue
  7601 | D:8      | Learned a level 2 spell: Passwall
  7607 | D:8      | Learned a level 5 spell: Lee's Rapid Deconstruction
  7612 | D:8      | Learned a level 4 spell: Petrify
  7721 | D:9      | Reached skill level 5 in Fighting
  7793 | D:9      | Reached skill level 11 in Earth Magic
  7817 | D:9      | Reached XP level 11. HP: 60/63 MP: 18/18
  7873 | Lair:1   | Entered Level 1 of the Lair of Beasts
  8143 | Lair:1   | HP: 1/64 [wolf (6)]
  8143 | Lair:1   | Slain by a wolf

Skill      XL: |  1  2  3  4  5  6  7  8  9 10 |
---------------+-------------------------------+-----
Earth Magic    | 4 5 6 7 9 10 11 | 11.2
Maces & Flails | 1 2 3 4 5 7 9 |  9.8
Armour         | 1 2 3 4 5 |  5.9
Fighting       | 1 2 3 5 |  5.4
Dodging        | 2 3 4 |  4.5
Spellcasting   | 3 4 5 |  5.3
Stealth        | |  2.1
Conjurations   | |  0.4
Hexes          | |  0.1
Transmutations | |  0.7
Evocations     | |  0.5

Action                   |  1- 3 |  4- 6 |  7- 9 | 10-12 || total
-------------------------+-------+-------+-------+-------++-------
Melee: Unarmed           |    22 |       |       |       ||    22
       Club              |    47 |       |       |       ||    47
       Mace              |    27 |   156 |   181 |       ||   364
       Whip              |    11 |       |       |       ||    11
       Great mace        |       |       |   162 |   233 ||   395
 Cast: Sandblast         |     7 |    34 |    70 |     4 ||   115
       Confusing Touch   |       |     2 |       |     2 ||     4
       Stone Arrow       |       |       |       |     6 ||     6
       Lee's Rapid Decon |       |       |       |     6 ||     6
       Petrify           |       |       |       |     2 ||     2
Invok: Curse Item        |       |       |     3 |       ||     3
Evoke: Wand              |       |       |       |     3 ||     3
  Use: Scroll            |       |       |       |    12 ||    12
       Potion            |       |       |       |     2 ||     2
 Stab: Sleeping          |     6 |     2 |       |       ||     8
       Paralysed         |       |       |       |     2 ||     2
  Eat: Chunk             |     1 |     6 |    11 |     8 ||    26
Armor: Robe              |    29 |       |       |       ||    29
       Ring mail         |    17 |    77 |   165 |   137 ||   396
Dodge: Dodged            |    75 |   133 |   302 |   250 ||   760
